 Dungeon Sprint DCSS version 0.18.1-50-g88ac8fd (webtiles) character file.

527 lorenzova the Fighter (level 7, -1/71 HPs)
             Began as a Minotaur Fighter on Oct 15, 2016.
             Slain by a quasit (3 damage)
             ... summoned by an obsidian statue
             ... in the Dungeon (Sprint II: "The Violet Keep of Menkaure").
             The game lasted 00:02:52 (536 turns).

lorenzova the Fighter (Minotaur Fighter)             Turns: 536, Time: 00:02:53

Health: -1/71      AC:  8    Str: 19      XL:     7   Next: 2%
Magic:  6/6        EV:  8    Int:  3      God:
Gold:   486        SH: 10    Dex:  8 (9)  Spells: 0 memorised, 6 levels left

rFire  . . .     SeeInvis .     a - +0 war axe
rCold  . . .     Gourm    .     b - +0 scale mail
rNeg   . . .     Faith    .     c - +0 shield
rPois  .         Spirit   .     (helmet restricted)
rElec  .         Dismiss  .     (no cloak)
rCorr  .         Reflect  .     (no gloves)
SustAt .         Harm     .     (no boots)
MR     .....     Rnd*Rage +     (no amulet)
Stlth  .......... NoTele   +    (no ring)
                                (no ring)

@: lethally poisoned (-1 -> -1), heavily drained, not resistant to hostile
enchantments, extremely unstealthy
A: retaliatory headbutt, horns 2, berserk 1, dopey 1, weak 2, subdued magic 1
a: no special abilities


You were in the Dungeon.
You were not hungry.

You visited 1 branch You collected 486 gold pieces.

Inventory:

Hand Weapons
 a - a +0 war axe (weapon)
Armour
 b - a +0 scale mail (worn)
 c - a +0 shield (worn)
Scrolls
 k - a scroll of blinking
Potions
 d - a potion of might
 e - a potion of curing
 g - a potion of heal wounds
 h - a potion of haste
 i - 2 potions of magic
Comestibles
 f - a bread ration


   Skills:
 + Level 9.7(8.3) Fighting
 + Level 9.3(7.9) Axes
 + Level 9.7(8.3) Armour
 + Level 9.7(8.2) Shields


You had 6 spell levels left.
You didn't know any spells.

Dungeon Overview and Level Annotations

Branches:
Dungeon (1/1)

Altars:


Innate Abilities, Weirdness & Mutations

You reflexively headbutt those who attack you in melee.
You have a pair of horns on your head.
You tend to lose your temper in combat.
You are dopey. (Int -2)
You are very weak. (Str -4)
Your spells are a little easier to cast, but a little less powerful.


Message History

The red devil hits you with a demon trident of draining.
* * * LOW HITPOINT WARNING * * *
You feel drained.
You feel sick. The quasit bites you.
* * * LOW HITPOINT WARNING * * *
The quasit closely misses you.
The quasit claws you but does no damage.
You block the red devil's attack. The quasit bites you.
* * * LOW HITPOINT WARNING * * *
You feel clumsy. The quasit barely misses you. You block the quasit's attack.
The shadow imp barely misses you. The shadow imp closely misses you.
You block the quasit's attack.
The quasit claws you but does no damage. x2
You feel sick. The quasit bites you.
* * * LOW HITPOINT WARNING * * *
The quasit claws you but does no damage.
You block the quasit's attack. The quasit bites you.
You die...

§ .§ #+++# .... #..
#.#### #.@..#
###5.## #+###.##54#
##.##.#.#..#
+.<.4###'..###
##.##.#.#.§..###..
##'###.##..§...≈≈≈
##.######≈≈..§..≈#+
#5##..#≈≈§≈≈≈≈..≈#.


You could see a red devil, a quasit and a shadow imp.

Vanquished Creatures
  2 neqoxecs (D)
  2 hippogriffs (D)
  Menkaure (D)
5 creatures vanquished.

Vanquished Creatures (others)
  2 neqoxecs (D)
  A crocodile (D)
3 creatures vanquished.

Grand Total: 8 creatures vanquished

Notes
Turn   | Place    | Note
--------------------------------------------------------------
     0 | D        | lorenzova the Minotaur Fighter began the quest for the Orb.
     0 | D        | Reached XP level 1. HP: 19/19 MP: 0/0
     1 | D        | Noticed a hippogriff
     1 | D        | Noticed a hippogriff
     7 | D        | Killed a hippogriff
     7 | D        | Reached XP level 2. HP: 9/31 MP: 1/1
     7 | D        | Reached XP level 3. HP: 11/38 MP: 2/2
     7 | D        | Reached XP level 4. HP: 13/45 MP: 3/3
    11 | D        | Killed a hippogriff
    11 | D        | Reached XP level 5. HP: 12/53 MP: 4/4
    24 | D        | Noticed Menkaure
    24 | D        | Noticed a crocodile
    25 | D        | Killed a crocodile
    28 | D        | HP: 1/53 [Menkaure (6)]
    31 | D        | Killed Menkaure
    31 | D        | Reached XP level 6. HP: 2/62 MP: 5/5
   331 | D        | Noticed a neqoxec
   331 | D        | Gained mutation: You are weak. (Str -2) [a neqoxec]
   341 | D        | Gained mutation: Your spells are a little easier to cast, but a little less powerful. [a neqoxec]
   343 | D        | Killed a neqoxec
   353 | D        | Noticed a neqoxec
   358 | D        | Gained mutation: You are very weak. (Str -4) [a neqoxec]
   359 | D        | Gained mutation: You tend to lose your temper in combat. [a neqoxec]
   361 | D        | Gained mutation: You are dopey. (Int -2) [a neqoxec]
   364 | D        | Killed a neqoxec
   364 | D        | Reached XP level 7. HP: 65/71 MP: 6/6
   484 | D        | Killed a neqoxec
   496 | D        | Noticed an obsidian statue
   506 | D        | Noticed a red devil
   520 | D        | Killed a neqoxec
   532 | D        | HP: 3/71 [quasit[an obsidian statue] (1)]
   536 | D        | Slain by a quasit

Skill      XL: |  1  2  3  4  5  6 |
---------------+-------------------+-----
Fighting       | 6 8 9 |  9.7
Axes           | 6 7 9 |  9.3
Armour         | 6 8 9 |  9.7
Shields        | 6 8 9 |  9.7

Action                   |  1- 3 |  4- 6 |  7- 9 || total
-------------------------+-------+-------+-------++-------
Melee: War axe           |     4 |    18 |     3 ||    25
       Headbutt          |     3 |     5 |     1 ||     9
  Use: Potion            |     1 |       |       ||     1
Armor: Scale mail        |     4 |     3 |     9 ||    16
Dodge: Dodged            |     2 |     1 |     6 ||     9
Block: Shield            |     2 |     7 |     9 ||    18
